Map: Cradle of Death

Players

HahaTTpro

  • Race: Zerg Zerg
  • Spawn Location: 0:00

Proxymus

  • Race: Terran Terran

VOD

Have the link to the VOD?

Description

Time

  • Played on: July 7, 2023, 10:59 p.m.
  • Length: 18:13
Show
View Real Time Build Order
Export as new Build Order

HahaTTpro Zerg 

Build Orders:  

Get SALT Encoding   

  12  0:05  Drone  
  13  0:13  Unknown  
  13  0:40  Drone  
  14  0:51  Spawning Pool  
  14  0:57  Drone  
  14  1:00  Overlord  
  14  1:25  Queen  
  16  1:36  Drone  
  16  1:37  Drone x3  
  20  1:50  Extractor  
  19  2:15  Queen  
  19  2:19  Extractor  
  20  2:27  Drone  
  20  2:28  Drone  
  22  2:57  Overlord x2  
  22  2:58  Overlord  
  22  3:00  Overlord  
  22  3:31  Queen  
  22  3:34  Drone x4  
  22  3:35  Drone  
  29  5:21  Unknown  
  29  6:45  Drone  
  29  6:46  Drone x3  
  29  6:47  Drone  
  34  7:00  Evolution Chamber  
  34  7:02  Unknown  
  33  7:32  Lair  
  32  8:00  Zerg Ground Armor Level 1  
  32  8:52  Ventral Sacs  
  32  9:09  Hatchery  
  31  9:49  Zergling x6  
  34  9:50  Zergling x8  
  24  10:23  Zergling x2  
  22  10:43  Drone  
  22  10:44  Zergling x6  
  22  10:45  Zergling x4  
  22  10:48  Queen  
  30  10:59  Heroic Fortitude  
  30  11:30  Unknown  
  30  11:32  Spire  
  30  11:38  Queen  
  31  11:59  Zerg Ground Armor Level 2  
  31  12:35  Hatchery  
  30  13:11  Hive  
  30  13:13  Drone  
  30  13:14  Drone x3  
  30  13:15  Zergling x4  
  36  13:54  Rapid Regeneration  
  36  13:59  Mutalisk x2  
  40  14:10  Overlord  
  34  15:14  Mutalisk x3  
  34  15:15  Mutalisk  
  38  16:28  Mutalisk  
  38  16:29  Mutalisk x2  
  44  16:35  Overlord x2  
  44  16:36  Overlord  
  44  16:49  Unknown  
  40  17:40  Mutalisk x2  
Show
View Real Time Build Order
Export as new Build Order

Proxymus Terran 

Build Orders:  

Get SALT Encoding   

  12  0:05  SCV  
  13  0:11  Unknown  
  13  0:23  SCV  
  14  0:40  SCV  
  15  0:51  Refinery  
  15  0:57  SCV  
  15  0:59  Refinery  
  16  1:13  SCV  
  17  1:30  SCV  
  17  1:32  Engineering Bay  
  18  1:47  SCV  
  18  1:49  Gunslingers Hideout  
  19  2:04  SCV  
  20  2:21  SCV  
  20  2:27  Fixers Safehouse  
  21  3:01  Tychus  
  21  3:02  Flashforce GDM Visor  
  21  4:35  Lt Layna Nikara  
  31  5:38  SCV  
  32  5:44  Kel-Morian Ripper Rounds  
  32  5:54  SCV  
  33  6:11  SCV  
  34  6:28  ITC-E Triggers, SCV  
  35  6:45  SCV  
  36  7:00  Unknown  
  36  7:23  Command Center  
  36  7:47  Muscle Armory  
  36  7:58  Endurance Supplements  
  36  8:03  Medivac Platform  
  36  9:10  James Sirius Sykes  
  46  9:28  Outlaw Weapons Level 1  
  46  10:03  Unknown  
  42  11:12  SCV  
  42  11:19  SCV  
  44  11:24  Refinery  
  44  11:28  Outlaw Life and Armor Level 1  
  44  11:29  Refinery, SCV  
  45  11:36  SCV  
  45  11:39  Kev Rattlesnake West  
  56  11:45  KD9a Implosion Core  
  56  11:46  Vanadium Shell, SCV  
  57  11:52  SCV  
  58  12:03  SCV  
  58  12:09  SCV  
  60  12:20  SCV  
  60  12:26  SCV  
  62  12:43  SCV  
  73  12:55  SCV  
  74  13:00  SCV  
  75  13:11  SCV  
  75  13:17  SCV  
  77  13:28  Outlaw Weapons Level 2  
  77  14:51  Unknown  
  77  15:19  SCV  
  78  15:27  Crooked Sam  
  88  16:22  SCV  
  89  16:34  Procyon Serum, Umojan Repair Nanites  
  89  16:35  Procyon Twin Heal Beam Gauntlet  
  89  16:37  LarsCorp G7 Charges  
  89  16:39  SCV  
  90  16:56  SCV  
  81  17:13  SCV  
  82  17:27  Unknown  
  82  17:30  SCV  
Tags
 
Add a new tag
Caveats
  • Supply blocks, unpowered buildings, or Contaminate may cause inaccurate times.
  • Supply counts are checked every 10 seconds.